 Dungeon Crawl Stone Soup version 0.28.0-53-g5a82cb258f (webtiles) character file.

Game seed: 3945984414154727991

84003 mortz the Destroyer (level 14, -5/100 HPs)
             Began as a Demigod Conjurer on July 7, 2022.
             Killed from afar by a fire giant (40 damage)
             ... with a fireball
             ... on level 14 of the Dungeon on July 8, 2022.
             The game lasted 03:31:00 (33162 turns).

mortz the Destroyer (Demigod Conjurer)             Turns: 33162, Time: 03:31:01

Health: -5/100     AC: 29    Str: 14    XL:     14   Next: 94%
Magic:  2/35       EV: 10    Int: 36    God:
Gold:   2245       SH:  6    Dex: 12    Spells: 13/37 levels left

rFire   . . .      SeeInvis .   a - staff of conjuration {!a@e2staff}
rCold   . . .      Faith    .   r - +1 buckler {AC+3}
rNeg    + . .      Spirit   .   d - +5 pearl dragon scales {rarerare}
rPois   .          Reflect  .   o - +0 helmet
rElec   .          Harm     .   (no cloak)
rCorr   .          Rampage  .   F - +2 pair of gloves
Will    +....                   C - +0 pair of boots
Stlth   +.........              (no amulet)
HPRegen 0.26/turn               z - +6 ring of strength
MPRegen 0.24/turn               y - ring of wizardry

@: no status effects
A: high MP 1, forlorn, divine attributes, screaming 1
a: no special abilities


You were on level 14 of the Dungeon.
You visited 2 branches of the dungeon, and saw 21 of its levels.
You visited the Abyss 1 time.

You collected 2816 gold pieces.
You spent 571 gold pieces at shops.


Innate Abilities, Weirdness & Mutations

You have an increased reservoir of magic. (+10% MP)
You shall have no god before yourself.
Your divine heritage dramatically boosts your attributes as you level up.
You occasionally shout uncontrollably at your foes.


   Skills:
 - Level 2.6 Fighting
 + Level 0.1(1.7) Short Blades
 + Level 2.8(2.9) Long Blades
 + Level 0.1 Staves
 + Level 10.5 Armour
 + Level 4.0 Dodging
 + Level 3.7 Stealth
 + Level 5.2 Shields
 + Level 12.2 Spellcasting
 * Level 14.4 Conjurations
 + Level 8.7 Translocations
 + Level 6.7 Fire Magic


You had 13 spell levels left.
You knew the following spells:

 Your Spells              Type           Power      Damage    Failure   Level
a - Magic Dart            Conj           100%       1d8       1%          1
b - Searing Ray           Conj           100%       2d8       1%          2
c - Iskenderun's Mystic   Conj/Tloc      100%       2d19      1%          4
d - Iskenderun's Battles  Conj           100%       2d15      1%          5
e - Fireball              Conj/Fire      49%        3d19      1%          5
f - Orb of Destruction    Conj           56%        9d14      9%          7

Your spell library contained the following spells:

 Spells                   Type           Power      Damage    Failure   Level
 Dazzling Flash           Conj/Hex       100%       N/A       1%          3
 Portal Projectile        Hex/Tloc       100%       N/A       1%          3
 Fulminant Prism          Conj/Hex       42%        3d20      1%          4
 Slow                     Hex            84%        N/A       4%          1
 Confusing Touch          Hex            21%        N/A       12%         3
 Frozen Ramparts          Ice            42%        1d6       12%         3
 Vampiric Draining        Necr           21%        2d7       12%         3
 Conjure Ball Lightning   Conj/Air       42%        3x3d15    30%         6
 Ice Form                 Ice/Tmut       21%        N/A       36%         4
 Summon Ice Beast         Ice/Summ       21%        N/A       36%         4
 Blade Hands              Tmut           10%        N/A       69%         5
 Excruciating Wounds      Necr           10%        N/A       69%         5

Inventory:

Hand Weapons
 b - a +7 scimitar of flaming {long}
   (You took it off Erica on level 10 of the Dungeon)
 G - the +6 quarterstaff "Gygrifie" {freeze, +Blink rF- rCorr Stlth+, staff}
   (You found it on level 1 of the Lair of Beasts)

   It freezes those it strikes, dealing additional cold damage.
   It can also slow down cold-blooded creatures.
   rF:        It makes you vulnerable to fire.
   +Blink:    It lets you blink.
   rCorr:     It protects you from acid and corrosion.
   Stlth:     It makes you more stealthy.
 T - a +1 vorpal hand axe {axe}
   (You took it off an orc on level 9 of the Dungeon)
Armour
 d - +5 pearl dragon scales (worn) {rarerare}
   (You found it on level 2 of the Dungeon)
 o - a +0 helmet (worn)
   (You bought it in a shop on level 2 of the Dungeon)
 r - a +1 buckler of protection (worn)
   (You bought it in a shop on level 3 of the Dungeon)
 C - a +0 pair of boots (worn)
   (You found it on level 5 of the Dungeon)
 F - a +2 pair of gloves (worn)
   (You found it on level 6 of the Dungeon)
 J - a +2 scale mail of poison resistance
   (You found it on level 6 of the Lair of Beasts)
Magical Staves
 a - a staff of conjuration (weapon) {!a@e2staff}
   (You acquired it on level 1 of the Dungeon)
 O - a staff of air {!astaff}
   (You found it on level 11 of the Dungeon)
 X - a staff of fire {!astaff}
   (You found it on level 13 of the Dungeon)
Jewellery
 c - a ring of protection from cold
   (You found it on level 1 of the Lair of Beasts)
 y - a ring of wizardry (right hand)
   (You found it on level 6 of the Lair of Beasts)
 z - a +6 ring of strength (left hand)
   (You found it on level 4 of the Dungeon)
 H - a +6 ring of strength
   (You found it on level 6 of the Dungeon)
 K - a ring of ice
   (You took it off Fannar on level 10 of the Dungeon)
 N - a ring of protection from cold
   (You found it on level 11 of the Dungeon)
 Q - a ring of willpower
   (You took it off a kobold on level 8 of the Dungeon)
 Z - a ring of positive energy
   (You found it on level 12 of the Dungeon)
Wands
 g - a wand of charming (3)
   (You found it on level 5 of the Lair of Beasts)
 k - a wand of flame (27)
   (You found it on level 2 of the Dungeon)
 t - a wand of digging (5)
   (You found it on level 11 of the Dungeon)
 I - a wand of iceblast (2)
   (You found it on level 3 of the Lair of Beasts)
Scrolls
 f - 4 scrolls of immolation {!r!r}
 m - a scroll of magic mapping {!r}
 w - 9 scrolls of teleportation {@r4}
 S - a scroll of amnesia
 U - a scroll of fog
 V - 4 scrolls of fear
 Y - a scroll of summoning
Potions
 e - 12 potions of curing {@q1}
 h - 3 potions of haste {@q3}
 i - 6 potions of attraction {!q}
 j - a potion of might
 l - a potion of resistance
 n - a potion of invisibility
 p - a potion of heal wounds {@q2}
 q - 4 potions of mutation {!q}
 u - a potion of magic
 v - 3 potions of ambrosia
 x - 5 potions of flight
 A - a potion of cancellation {unknown}
 B - 4 potions of lignification {!q}
 D - 2 potions of berserk rage {!q}
 L - 3 potions of brilliance
Miscellaneous
 R - a phial of floods
   (You found it on level 11 of the Dungeon)

Dungeon Overview and Level Annotations

Branches:
Dungeon (15/15)            Temple (0/1) D:7            Lair (6/6) D:8
 Shoals (0/4) Lair:3       Spider (0/4) Lair:2        Slime (0/5) Lair:6
    Orc (0/2) D:10
 Vaults: D:13-14     Depths: D:15

Shops:
D:2 *:(*[   D:3 [   D:7 (   D:13 ?

Annotations:
D:2 Natasha
D:9 exclusion: downstairs

###### ##########
####### ......
#......*.####.......
......
+....(..@C.)'.......
......
#....(...####.......
...... #####'####
.......
#############.#
(......
..'...........#
(.(....
..#############
....... ..#
.#####################
..# ≈§§...........##
..#
§§≈............####


You could see a fire giant (ally target) and a friendly battlesphere.


Message History

Aiming: Magic Dart (safe; 1% risk of failure)
Press: ? - help, Q - select action, (/) - cycle Shift-Dir - straight line, f - ettin
Aim: an ettin, wielding two +0 dire flails (lightly wounded, ally target, 100% to hit)
You feel a surge of power!
The magic dart hits the ettin.
Your battlesphere fires!
The barrage of energy hits the ettin!! 😕 MP[-1]
You lost 1 mp, and now have 18/35 mp. 😎 HP[+1]
Your hp is fully restored (100).
There is an open door here. 😎 MP[+1]
Casting: Magic Dart (safe; 1% risk of failure)
Confirm with . or Enter, or press ? or * to list all spells.
Aiming: Searing Ray (safe; 1% risk of failure)
Press: ? - help, Shift-Dir - straight line, f/p - ettin
Aim: an ettin, wielding two +0 dire flails (heavily wounded, 96% to hit)
You feel a surge of power!
The searing ray hits the ettin. (Press . to maintain the ray.)
Your battlesphere fires!
The barrage of energy hits the ettin!! 😎 MP[-2]
You lost 2 mp, and now have 17/35 mp.
The searing ray hits the ettin!
The searing ray hits the fire giant.
Your battlesphere fires!
The barrage of energy hits the ettin!
You kill the ettin!
The fire giant casts a spell at you.
The fireball explodes!
The fireball engulfs your battlesphere!
Your battlesphere resists.
The fireball engulfs you!! 😮 HP[-28] MP[-1]
You take 28 damage, and now have 72/100 hp.
MASSIVE DAMAGE!! (PAUSE)
You lost 1 mp, and now have 16/35 mp.
The searing ray hits the fire giant.
Your battlesphere fires!
The barrage of energy hits the fire giant!
Your battlesphere expends the last of its energy and dissipates.
The searing ray hits the fire giant but does no damage.
You finish channelling your searing ray. 😮 MP[-1]
You lost 1 mp, and now have 15/35 mp.
Casting: Searing Ray (safe; 1% risk of failure)
Confirm with . or Enter, or press ? or * to list all spells.
You feel a surge of power!
You erupt in a blast of force!
The mystic blast hits the fire giant!
The fire giant is knocked back by the mystic blast. 😮 HP[+1] MP[-4]
You lost 4 mp, and now have 11/35 mp.
Casting: Iskenderun's Mystic Blast (safe; 1% risk of failure)
Confirm with . or Enter, or press ? or * to list all spells.
You feel a surge of power!
You conjure a globe of magical energy. 😮 MP[-5]
You lost 5 mp, and now have 6/35 mp.
Casting: Iskenderun's Battlesphere (mildly dangerous; 1% risk of failure)
Confirm with . or Enter, or press ? or * to list all spells.
Aiming: Searing Ray (safe; 1% risk of failure)
Press: ? - help, Shift-Dir - straight line, f - fire giant
Aim: a fire giant, wielding a +2 great sword of flaming (moderately wounded, 96% to hit)
You feel a surge of power!
The searing ray hits the fire giant! (Press . to maintain the ray.) 😮 MP[-1]
You lost 1 mp, and now have 5/35 mp.
You swap places.
The fire giant points at you and mumbles some strange words.
The bolt of fire hits you!!
The bolt of fire hits your battlesphere.
Your battlesphere resists. 😮 HP[-18]
You take 18 damage, and now have 55/100 hp.
Casting: Searing Ray (safe; 1% risk of failure)
Confirm with . or Enter, or press ? or * to list all spells.
Aiming: Searing Ray (safe; 1% risk of failure)
Press: ? - help, Shift-Dir - straight line, f/p - fire giant
Aim: a fire giant, wielding a +2 great sword of flaming (heavily wounded, ally target, 96% to hit)
You feel a surge of power!
The searing ray hits the fire giant. (Press . to maintain the ray.)
Your battlesphere fires!
The barrage of energy hits the fire giant!! 😮 HP[+1] MP[-2]
You lost 2 mp, and now have 3/35 mp.
The searing ray hits the fire giant but does no damage.
Your battlesphere fires!
The barrage of energy hits the fire giant.
The fire giant casts a spell at you. The bolt of fire hits you!!
* * * LOW HITPOINT WARNING * * *
The bolt of fire hits your battlesphere.
Your battlesphere resists. 😨 HP[-21] MP[-1]
You take 21 damage, and now have 35/100 hp.
MASSIVE DAMAGE!! (PAUSE)
You lost 1 mp, and now have 2/35 mp.
The searing ray hits the fire giant.
Your battlesphere fires!
The barrage of energy hits the fire giant!
The fire giant points at you and mumbles some strange words.
The fireball explodes!
The fireball engulfs you!!!
You die...

Skill      XL: |  1  2  3  4  5  6  7  8  9 10 11 12 13 14 |
---------------+-------------------------------------------+-----
Conjurations   | 4 5 7 9 11 12 14 | 14.4
Dodging        | 2 3 4 |  4.0
Spellcasting   | 2 3 4 6 7 8 9 10 11 12 | 12.2
Armour         | 1 2 3 5 6 7 8 9 10 | 10.5
Shields        | 2 3 4 5 |  5.2
Stealth        | 2 3 |  3.7
Translocations | 3 4 7 8 |  8.7
Fighting       | 1 2 |  2.6
Long Blades    | 2 |  2.8
Fire Magic     | 2 5 6 |  6.7
Short Blades   | |  0.1
Staves         | |  0.1

Action                   |  1- 3 |  4- 6 |  7- 9 | 10-12 | 13-15 || total
-------------------------+-------+-------+-------+-------+-------++-------
Melee: Short sword       |     4 |       |       |       |       ||     4
       Rapier            |     6 |    46 |       |       |       ||    52
       Staff             |       |    13 |       |       |       ||    13
       Dagger            |       |       |     9 |       |       ||     9
       Scimitar          |       |       |       |    39 |     6 ||    45
 Cast: Magic Dart        |    73 |   140 |    61 |   114 |   200 ||   588
       Searing Ray       |     6 |     6 |    81 |    96 |   114 ||   303
       Iskenderun's Myst |       |       |       |   116 |    88 ||   204
       Iskenderun's Batt |       |       |       |    10 |   114 ||   124
       Fireball          |       |       |       |       |     8 ||     8
  Use: Scroll            |     2 |     8 |     2 |    13 |    18 ||    43
       Potion            |       |     1 |       |     3 |     4 ||     8
Armor: Pearl dragon scal |    12 |    82 |    57 |   162 |   133 ||   446
Dodge: Dodged            |    12 |    29 |    30 |    96 |    73 ||   240
Block: Buckler           |       |     7 |    22 |    77 |    49 ||   155

Levels and vault maps discovered:
D:1:      matt_arrival_refuge, layout_rooms, minmay_tetromino_t2
D:2:      layout_loops_ring, serial_shops, shop, shop_fountains, shop_fountains,
          shop, nicolae_shop_overgrown_old_shop, uniq_natasha
D:3:      layout_loops_cross, serial_shops,
          nicolae_shop_temple_entry_statues_fountains, portal_sewer_entry_a,
          uniq_terence
D:4:      layout_basic, chequers_serial_rivers_large_a
D:5:      layout_gridville, uniq_edmund, uniq_prince_ribbit1, uniq_menkaure
D:6:      layout_rooms, nemelex_altar_shiori, uniq_blork_the_orc
D:7:      layout_basic, nicolae_overflow_hidden_temple, temple_fountains,
          doesnt_shop_hydraphobe
D:8:      layout_loops_cross, lair_entry_dummy
D:9:      layout_roguey, grunt_temple_overflow_diamond, bloody_trog, uniq_psyche
D:10:     layout_loops_corners, david_orc_1_choice, enter_bailey_4,
          kennysheep_pointless_box, uniq_erica, uniq_fannar, uniq_snorg
D:11:     layout_roguey
D:12:     layout_loops_ring, grunt_ministairs_13, minivault_14
D:13:     layout_stronghold, serial_shops, nicolae_shop_window_shopping,
          lightli_fourway_metalbox
D:14:     giant_chief_lemuel, layout_cave_pools,
          lightli_vaults_fourway_checkpoint
D:15:     gammafunk_enter_depths_forms, layout_grid_maze, zin_angel, uniq_kirke
Lair:1:   layout_cave_shapes
Lair:2:   layout_chaotic_city, spider_nest_entry_webs, grunt_megastairs_4,
          serial_bayou_shore_b, uniq_urug, uniq_sonja
Lair:3:   layout_small_grid, elwin_shoals_entry_rocks
Lair:4:   layout_roguey, grunt_megastairs_2
Lair:5:   layout_misc_corridors, nzn_sisyphean_effort
Lair:6:   guppyfry_lair_end_dragon, layout_long_grid, hangedman_lair_in_review,
          minmay_slime_entry_eyes, st_stairs_11, small_statue_intersection

Notes
Turn   | Place    | Note
-------+----------+-------------------------------------------
     0 | D:1      | mortz the Demigod Conjurer began the quest for the Orb.
     0 | D:1      | Reached XP level 1. HP: 14/14 MP: 5/5
     0 | D:1      | magus.rc [v1.9.6]
   260 | D:1      | You pick up a book of Debilitation and begin reading...
   260 | D:1      | You add the spells Slow, Vampiric Draining and Confusing
                  | Touch to your library.
   291 | D:1      | Reached skill level 4 in Conjurations
   291 | D:1      | Reached XP level 2. HP: 16/20 MP: 0/7
   690 | D:1      | Learned a level 2 spell: Searing Ray
   774 | D:1      | Reached skill level 2 in Dodging
  1051 | D:1      | Identified a scroll of acquirement
  1051 | D:1      | Acquired a staff of conjuration
  1151 | D:2      | Reached XP level 3. HP: 26/26 MP: 5/8
  1271 | D:2      | Identified +0 pearl dragon scales
  1272 | D:2      | d - +0 pearl dragon scales {rarerare}
  1283 | D:2      | You finish putting on your +0 pearl dragon scales
                  | {rarerare}.
  1313 | D:2      | Reached skill level 2 in Spellcasting
  1388 | D:2      | Found Gefulane's Antique Weapon Emporium.
  1460 | D:2      | Found Meam Pei's Assorted Antiques.
  1610 | D:2      | Found Xiocuv's Armour Shoppe.
  1884 | D:2      | Noticed Natasha
  1895 | D:2      | Killed Natasha
  1896 | D:2      | Reached skill level 1 in Armour
  2023 | D:2      | Found Riewnuh's Book Shoppe.
  2042 | D:2      | Found Qitijif's General Store.
  2045 | D:2      | Reached XP level 4. HP: 33/33 MP: 8/10
  2332 | D:2      | Noticed Natasha
  2354 | D:2      | HP: 8/33 [Natasha/magic dart (1)]
  2368 | D:2      | HP: 3/33 [Natasha/magic dart (7)]
  2638 | D:1      | magus.rc [v1.9.6]
  2807 | D:2      | Bought a +0 helmet for 45 gold pieces
  3202 | D:3      | Noticed Terence
  3287 | D:3      | Killed Terence
  3288 | D:3      | Reached skill level 2 in Armour
  3581 | D:3      | Reached XP level 5. HP: 38/38 MP: 6/12
  3628 | D:3      | Acquired 938 gold pieces
  3630 | D:3      | magus.rc [v1.9.6]
  3931 | D:3      | Reached skill level 3 in Spellcasting
  4019 | D:3      | Found Caohyte's Antique Armour Boutique.
  4027 | D:3      | Bought a runed buckler for 157 gold pieces
  4781 | D:4      | Reached skill level 3 in Armour
  4804 | D:4      | Reached XP level 6. HP: 34/45 MP: 3/14
  5242 | D:4      | Reached skill level 5 in Conjurations
  5630 | D:4      | Noticed a water moccasin
  5637 | D:4      | HP: 8/45 [poisoned by a water moccasin]
  5639 | D:4      | Killed a water moccasin
  5640 | D:4      | Reached skill level 4 in Spellcasting
  5953 | D:5      | Entered Level 5 of the Dungeon
  5953 | D:5      | Noticed a water moccasin
  6004 | D:5      | Noticed Edmund
  6004 | D:5      | Noticed Prince Ribbit
  6026 | D:4      | Killed Edmund
  6027 | D:4      | Reached XP level 7. HP: 24/50 MP: 7/16
  6030 | D:4      | HP: 12/50 [poisoned by Edmund]
  6035 | D:4      | HP: 8/50 [poisoned by Edmund]
  6372 | D:4      | Reached skill level 4 in Armour
  6372 | D:4      | Reached skill level 1 in Shields
  6631 | D:5      | Noticed Menkaure
  6643 | D:5      | Killed Menkaure
  7111 | D:5      | Killed Prince Ribbit
  7112 | D:5      | Reached skill level 2 in Shields
  7372 | D:6      | Noticed Blork the orc
  7373 | D:6      | Reached skill level 5 in Armour
  7373 | D:6      | Reached XP level 8. HP: 56/57 MP: 10/18
  7510 | D:6      | Reached skill level 6 in Conjurations
  7641 | D:5      | magus.rc [v1.9.6]
  7756 | D:6      | Reached skill level 5 in Spellcasting
  7907 | D:6      | Killed Blork the orc
  8147 | D:6      | Reached skill level 2 in Stealth
  8512 | D:7      | Reached skill level 6 in Armour
  8635 | D:7      | Found Niod's Hydra Hut.
  8639 | D:7      | Noticed a five-headed hydra
  9019 | D:7      | Found a staircase to the Ecumenical Temple.
  9081 | D:7      | Reached skill level 6 in Spellcasting
  9348 | D:7      | Reached skill level 7 in Conjurations
  9348 | D:7      | Reached XP level 9. HP: 62/62 MP: 17/21
  9353 | D:7      | Learned a level 4 spell: Iskenderun's Mystic Blast
  9792 | D:8      | Reached skill level 1 in Translocations
 10654 | D:8      | You pick up a book of Weapons and begin reading...
 10654 | D:8      | You add the spells Portal Projectile, Excruciating Wounds
                  | and Blade Hands to your library.
 10678 | D:8      | Found a staircase to the Lair.
 11065 | D:9      | Noticed a two-headed ogre
 11077 | D:9      | Killed a two-headed ogre
 11078 | D:9      | Reached skill level 7 in Armour
 11078 | D:9      | Reached skill level 3 in Shields
 11078 | D:9      | Reached skill level 7 in Spellcasting
 11078 | D:9      | Reached skill level 2 in Translocations
 11190 | D:9      | Noticed a two-headed ogre
 11201 | D:9      | Killed a two-headed ogre
 11356 | D:9      | Noticed Psyche
 11556 | D:9      | Killed Psyche
 11557 | D:9      | Reached skill level 3 in Translocations
 11557 | D:9      | Reached XP level 10. HP: 70/70 MP: 15/24
 11881 | D:9      | Reached skill level 8 in Conjurations
 12001 | D:9      | Noticed a two-headed ogre
 12013 | D:9      | Killed a two-headed ogre
 12177 | D:10     | Entered Level 10 of the Dungeon
 12310 | D:10     | Noticed Snorg
 12349 | D:10     | Noticed Fannar
 12358 | D:9      | magus.rc [v1.9.6]
 12409 | D:10     | Reached skill level 8 in Armour
 12905 | D:10     | Noticed Erica
 12909 | D:10     | Killed Erica
 12910 | D:10     | Reached skill level 4 in Translocations
 13220 | Lair:1   | Entered Level 1 of the Lair of Beasts
 13275 | Lair:1   | Reached skill level 8 in Spellcasting
 13555 | Lair:1   | Identified the +6 quarterstaff "Gygrifie" {freeze, +Blink
                  | rF- rCorr Stlth+}
 13706 | Lair:1   | Reached skill level 9 in Conjurations
 13710 | Lair:1   | Reached XP level 11. HP: 75/75 MP: 3/27
 13731 | D:8      | Reached skill level 5 in Translocations
 13955 | Lair:1   | magus.rc [v1.9.6]
 14782 | Lair:2   | Noticed Urug
 14795 | Lair:2   | Killed Urug
 15307 | Lair:2   | Reached skill level 1 in Fighting
 15307 | Lair:2   | Reached skill level 9 in Armour
 15307 | Lair:2   | Reached skill level 6 in Translocations
 15474 | Lair:2   | Noticed Sonja
 15492 | Lair:2   | Killed Sonja
 15652 | Lair:2   | You fall into a shaft and drop 2 floors!
 15665 | Lair:4   | Noticed a death yak
 15713 | Lair:4   | Noticed a death yak
 15713 | Lair:4   | Noticed a death yak
 15749 | Lair:4   | HP: 17/77 [elephant (8)]
 15774 | Lair:4   | Reached skill level 1 in Long Blades
 15933 | Lair:4   | Reached skill level 4 in Shields
 16023 | Lair:3   | Reached skill level 3 in Dodging
 16023 | Lair:3   | Reached skill level 9 in Spellcasting
 16225 | Lair:3   | Reached skill level 2 in Long Blades
 16341 | Lair:2   | Reached skill level 7 in Translocations
 16388 | Lair:2   | Found a hole to the Spider Nest.
 16516 | Lair:2   | Reached XP level 12. HP: 84/84 MP: 19/29
 17222 | Lair:3   | Reached skill level 3 in Stealth
 17230 | Lair:3   | Reached skill level 10 in Conjurations
 17599 | Lair:3   | Found a staircase to the Shoals.
 18713 | Lair:4   | Reached skill level 2 in Fighting
 19526 | Lair:4   | Reached skill level 10 in Spellcasting
 19835 | Lair:4   | You pick up a book of the Spheres and begin reading...
 19835 | Lair:4   | You add the spells Iskenderun's Battlesphere, Fireball,
                  | Conjure Ball Lightning and Orb of Destruction to your
                  | library.
 19842 | Lair:4   | Learned a level 5 spell: Iskenderun's Battlesphere
 19848 | Lair:4   | Learned a level 5 spell: Fireball
 19856 | Lair:4   | Learned a level 7 spell: Orb of Destruction
 20042 | Lair:5   | Noticed a catoblepas
 20158 | Lair:5   | Killed a catoblepas
 20159 | Lair:5   | Reached skill level 11 in Conjurations
 20159 | Lair:5   | Reached skill level 1 in Fire Magic
 20316 | Lair:5   | Noticed a six-headed hydra
 20322 | Lair:5   | Killed a six-headed hydra
 20425 | Lair:5   | Noticed a boulder beetle
 20432 | Lair:5   | Killed a boulder beetle
 20898 | Lair:5   | Reached skill level 2 in Fire Magic
 20901 | Lair:5   | Reached XP level 13. HP: 80/91 MP: 2/31
 21505 | Lair:6   | Entered Level 6 of the Lair of Beasts
 22087 | Lair:6   | Reached skill level 3 in Fire Magic
 22451 | Lair:6   | Reached skill level 8 in Translocations
 22478 | Lair:6   | Reached skill level 10 in Armour
 22783 | Lair:6   | Reached skill level 4 in Fire Magic
 23138 | Lair:6   | Reached skill level 11 in Spellcasting
 23149 | Lair:6   | Reached skill level 12 in Conjurations
 23359 | Lair:6   | Noticed a dire elephant
 23377 | Lair:6   | Killed a dire elephant
 24138 | Lair:6   | Found a staircase to the Slime Pits.
 24397 | Lair:6   | You pick up a book of Rime and begin reading...
 24397 | Lair:6   | You add the spells Frozen Ramparts, Ice Form and Summon Ice
                  | Beast to your library.
 24611 | Lair:6   | Reached skill level 5 in Fire Magic
 24850 | Lair:6   | your +0 pearl dragon scales {rarerare} glow green for a
                  | moment.
 24851 | Lair:6   | magus.rc [v1.9.6]
 25769 | D:10     | Killed Snorg
 25867 | D:10     | Killed Fannar
 26167 | D:10     | Found a staircase to the Orcish Mines.
 26264 | D:10     | Reached skill level 5 in Shields
 26958 | D:11     | Reached XP level 14. HP: 100/100 MP: 20/34
 27150 | D:12     | You fall into a shaft and drop 3 floors!
 27150 | D:15     | Entered Level 15 of the Dungeon
 27523 | D:14     | Reached skill level 13 in Conjurations
 27793 | D:13     | your +1 pearl dragon scales {rarerare} glow green for a
                  | moment.
 28338 | D:12     | HP: 25/100 [mirror damage (10)]
 28341 | D:12     | HP: 3/100 [freezing wraith[a death knight] (23)]
 28821 | D:12     | Reached skill level 6 in Fire Magic
 28954 | D:12     | your +2 pearl dragon scales {rarerare} glow green for a
                  | moment.
 30540 | D:13     | Found Niaqed's Magic Scroll Shoppe.
 30561 | D:13     | Bought a scroll of enchant armour for 97 gold pieces
 30561 | D:13     | Bought a scroll of enchant weapon for 97 gold pieces
 30561 | D:13     | Bought a scroll of enchant armour for 97 gold pieces
 30561 | D:13     | Bought a scroll of teleportation for 39 gold pieces
 30561 | D:13     | Bought a scroll of teleportation for 39 gold pieces
 30566 | D:13     | your +3 pearl dragon scales {rarerare} glow green for a
                  | moment.
 30567 | D:13     | your +4 pearl dragon scales {rarerare} glow green for a
                  | moment.
 30749 | D:14     | You are cast into the Abyss!
 30749 | D:14     | Cast into level 2 of the Abyss (a wizard)
 30969 | Abyss:2  | Gained mutation: You occasionally shout uncontrollably at
                  | your foes. [a shining eye]
 31441 | Abyss:2  | Noticed an angel
 31454 | Abyss:2  | HP: 18/100 [angel/+1 whip of holy wrath (10)]
 31455 | Abyss:2  | HP: 7/100 [angel/+1 whip of holy wrath (12)]
 31510 | D:14     | You pass through the gate.
 31510 | D:14     | Escaped the Abyss
 31740 | D:13     | magus.rc [v1.9.6]
 32562 | D:14     | Reached skill level 4 in Dodging
 32566 | D:14     | Reached skill level 12 in Spellcasting
 32738 | D:14     | Reached skill level 14 in Conjurations
 33146 | D:14     | Noticed a fire giant
 33162 | D:14     | Killed from afar by a fire giant

Vanquished Creatures
  A dire elephant (Lair:6)
  Snorg (D:10)
  An ettin (D:14)
  A fire dragon (Lair:6)
  Fannar (D:10)
  5 hydras
  4 vault guards (D:14)
  2 boulder beetles
  A catoblepas (Lair:5)
  A death knight (D:12)
  Erica (D:10)
  4 centaur warriors
  7 two-headed ogres
  A tengu warrior (D:14)
  6 death yaks
  Urug (Lair:2)
  A thrashing horror (Abyss:2)
  Sonja (Lair:2)
  A swamp dragon (Lair:6)
  A lindwurm (Lair:6)
  A phantasmal warrior (D:12)
  2 wizards (D:14)
  3 deep elf pyromancers
  A harpy (shapeshifter) (D:15)
  10 ugly things
  A manticore (D:13)
  15 cyclopes
  A worldbinder (Abyss:2)
  19 elephants
  An apocalypse crab (Abyss:2)
  8 black mambas
  2 gargoyles
  15 cane toads
  3 torpor snails
  Psyche (D:9)
  2 efreet (D:14)
  8 komodo dragons
  A yaktaur (D:15)
  4 freezing wraiths
  A tengu conjurer (D:14)
  A hellwing (Abyss:2)
  An ancient zyme (Abyss:2)
  9 rime drakes
  3 trolls
  A polar bear (Lair:2)
  13 slime creatures
  A large abomination (Abyss:2)
  3 raiju (Abyss:2)
  8 blink frogs
  9 dream sheep
  Prince Ribbit (D:5)
  A water elemental (D:12)
  5 wyverns
  2 shadows
  57 yaks
  3 vampires
  A ynoxinul (Abyss:2)
  4 basilisks
  4 wraiths
  A fire elemental (D:14)
  A vampire mosquito (D:14)
  Menkaure (D:5)
  2 wargs (D:14)
  2 redbacks (Lair:2)
  Edmund (D:4)
  2 acid dragons
  10 water moccasins
  A floating eye (Lair:6)
  A hornet zombie (D:7)
  7 orc warriors
  4 swamp drakes (Lair:6)
  A black bear (Lair:1)
  A sky beast (D:7)
  A necrophage (D:7)
  16 wolves
  5 ogres
  3 centaurs
  3 kobold brigands
  Blork the orc (D:6)
  A gnoll sergeant (D:9)
  7 bullfrogs
  A scorpion (D:6)
  A wyvern zombie (D:8)
  2 small abominations
  4 killer bees (D:9)
  10 wights
  2 howler monkeys
  A centaur zombie (D:10)
  3 jellies
  A bullfrog skeleton (D:6)
  4 hounds
  9 orc priests
  3 gnoll shamans
  5 iguanas (Lair:6)
  Natasha (D:2)
  Terence (D:3)
  8 orc wizards
  A hound zombie (D:3)
  A howler monkey zombie (D:7)
  6 adders
  14 gnolls
  2 white imps
  3 ufetubi
  3 worms (D:3)
  43 orcs
  15 endoplasms
  2 giant cockroaches (D:1)
  14 goblins
  16 hobgoblins
  6 jackals
  6 quokkas
  6 ball pythons
  2 bats
  5 frilled lizards
  21 kobolds
  5 rats
567 creatures vanquished.

Vanquished Creatures (others)
  39 fungi
  65 plants
104 creatures vanquished.

Grand Total: 671 creatures vanquished

Table legend:
 A = Non-vault XP
 B = Vault XP
 C = Vault XP percentage of total XP
 D = Non-vault monster count
 E = Vault monster count
 F = Vault count percentage of total count
                 A         B        C        D         E       F
            +---------+---------+-------+---------+---------+-------
      Total |   77311 |   42694 |  35.6 |     444 |     123 |  21.7
            +---------+---------+-------+---------+---------+-------
        D:1 |      37 |       3 |   7.5 |      22 |       2 |   8.3
        D:2 |      58 |      36 |  38.3 |      31 |       1 |   3.1
        D:3 |     110 |      48 |  30.4 |      23 |       5 |  17.9
        D:4 |     649 |     162 |  20.0 |      30 |       1 |   3.2
        D:5 |     207 |     427 |  67.4 |      15 |       2 |  11.8
        D:6 |     765 |      94 |  10.9 |      17 |       1 |   5.6
        D:7 |     977 |       0 |   0.0 |      16 |       0 |   0.0
        D:8 |    1754 |       0 |   0.0 |      23 |       0 |   0.0
        D:9 |    3644 |     379 |   9.4 |      27 |       1 |   3.6
       D:10 |    1978 |    3208 |  61.9 |      24 |      17 |  41.5
       D:11 |    1938 |       0 |   0.0 |       7 |       0 |   0.0
       D:12 |    6303 |     456 |   6.7 |      16 |       4 |  20.0
       D:13 |    6935 |    2558 |  26.9 |      17 |       4 |  19.0
       D:14 |    8673 |   15428 |  64.0 |      17 |      34 |  66.7
       D:15 |    2130 |       0 |   0.0 |       4 |       0 |   0.0
     Lair:1 |    3712 |       0 |   0.0 |      15 |       0 |   0.0
     Lair:2 |    3567 |    3066 |  46.2 |      10 |       9 |  47.4
     Lair:3 |    4861 |       0 |   0.0 |      20 |       0 |   0.0
     Lair:4 |   10407 |    2449 |  19.0 |      34 |       3 |   8.1
     Lair:5 |    7289 |    1221 |  14.3 |      19 |       2 |   9.5
     Lair:6 |   11317 |   13159 |  53.8 |      43 |      37 |  46.2
    Abyss:2 |       0 |       0 |   N/A |      14 |       0 |   0.0
            +---------+---------+-------+---------+---------+-------

Illustrated notes

Table legend:
 A = Kills in this place as a percentage of kills in entire the game.
 B = Kills by you in this place as a percentage of kills by you in the entire game.
 C = Kills by friends in this place as a percentage of kills by friends in the entire game.
 D = Other kills in this place as a percentage of other kills in the entire game.
 E = Experience gained in this place as a percentage of experience gained in the entire game.
 F = Experience gained in this place divided by the number of levels of this place that you have seen.
                   A       B       C       D       E      F
               +-------+-------+-------+-------+-------+----------------------
         Total | 100.0 | 100.0 |   N/A |   N/A | 100.0 | 5454.8
       Dungeon |  63.7 |  63.7 |   N/A |   N/A |  49.1 | 3930.5
          Lair |  33.9 |  33.9 |   N/A |   N/A |  50.9 | 10174.7
         Abyss |   2.5 |   2.5 |   N/A |   N/A |   0.0 |   0.0
               +-------+-------+-------+-------+-------+----------------------

Table legend: (Time is in decaauts)
 A = Elapsed time spent in this place.
 B = Non-inter-level travel time spent in this place.
 C = Inter-level travel time spent in this place.
 D = Time resting spent in this place.
 E = Time spent auto-exploring this place.
 F = Levels seen in this place.
 G = Mean time per level.
                   A        B        C        D        E       F      G
               +--------+--------+--------+--------+--------+-----+--------+
         Total |  33298 |  31425 |   1873 |   7016 |  17921 |  22 | 1513.5 |
       Dungeon |  21128 |  19620 |   1508 |   2743 |  13100 |  15 | 1408.5 |
          Lair |  11403 |  11038 |    365 |   3983 |   4820 |   6 | 1900.5 |
         Abyss |    766 |    766 |      0 |    290 |      0 |   1 |  766.0 |
               +--------+--------+--------+--------+--------+-----+--------+

Top non-repeatable levels by time:
    D:13: 2715 daAuts
  Lair:6: 2712 daAuts
     D:4: 2453 daAuts
  Lair:4: 2181 daAuts
  Lair:3: 1993 daAuts
    D:10: 1926 daAuts
  Lair:5: 1824 daAuts
     D:8: 1723 daAuts
  Lair:2: 1488 daAuts
     D:2: 1486 daAuts
     D:1: 1483 daAuts
     D:9: 1443 daAuts
     D:7: 1298 daAuts
     D:3: 1294 daAuts
    D:12: 1263 daAuts
